cohdb
Replays
Latest Replays
All Replays
Popular Replays
Top Player Replays
Match Explorer
How It Works
Community
CoH3 Stats
Reddit
Sign in to upload your games and track your stats! →
Sign in with Steam
Match 43481706
Unlisted
Match 43481706
Overview
Messages
Build Orders
End
Construct Barracks
Riflemen Squad
Riflemen Squad
M1 Mortar Team
Riflemen Squad
Construct Weapon Support Center
Mechanized Support Center
M1919 Machine Gun Team
Selects Armored Battlegroup
Selects Fast Deploy
M3 Armored Personnel Carrier
Engineer Squad
M3 Armored Personnel Carrier
JT9001
admiral_gnar
Bruno Kalito
Maximus
Eros Ramazotti
老公
0
0
Comments
sign in to comment!
No comments posted yet!